 Dungeon Crawl Stone Soup version 0.28.0-43-g3370ac3207 (webtiles) character file.

Game seed: 17001947117402390638

1327 croobank the Covert (level 8, -3/31 HPs)
             Began as a Felid Summoner on Mar 23, 2022.
             Was an Initiate of Hepliaklqana.
             Killed from afar by a steam dragon (18 damage)
             ... with a ball of steam
             ... on level 7 of the Dungeon.
             The game lasted 00:36:13 (8117 turns).

croobank the Covert (Felid Summoner)                Turns: 8117, Time: 00:36:13

Health: -3/31      AC:  2    Str:  4    XL:     8   Next: 34%
Magic:  15/17      EV: 24    Int: 19    God:    Hepliaklqana [......]
Gold:   37         SH:  0    Dex: 22    Spells: 5/18 levels left
                                        Lives:  0   Deaths: 2

rFire   . . .      SeeInvis +   (weapon unavailable)
rCold   . . .      Faith    .   (shield unavailable)
rNeg    . . .      Spirit   .   (armour unavailable)
rPois   .          Reflect  .   (helmet unavailable)
rElec   .          Harm     .   (cloak unavailable)
rCorr   .          Rampage  .   (gloves unavailable)
Will    +....                   (boots unavailable)
Stlth   +++++.....              q - amulet of magic regeneration
HPRegen 0.10/turn               f - +6 ring of dexterity
MPRegen 0.55/turn               (no ring)

@: slowed, slow
A: very small, claws 1, fangs 3, see invisible, speed 1, shaggy fur 2, stealthy
paws, no weapons or thrown items, no armour, multi-lived
a: Renounce Religion


You were on level 7 of the Dungeon.
You worshipped Hepliaklqana.
Hepliaklqana was noncommittal.
You visited 2 branches of the dungeon, and saw 7 of its levels.

You collected 245 gold pieces.
You spent 208 gold pieces at shops.

Inventory:

Missiles
 c - 46 arrows
 i - 205 stones
 o - 63 bolts
Jewellery
 f - a +6 ring of dexterity (left paw)
 q - an amulet of magic regeneration (around neck)
Wands
 s - a wand of iceblast (11)
Scrolls
 a - a scroll of immolation
 j - a scroll of fog {unknown}
 l - 2 scrolls of teleportation {unknown}
 m - a scroll of enchant weapon {unknown}
 n - 2 scrolls of enchant armour {unknown}
 u - a scroll of vulnerability {unknown}
Potions
 b - a potion of brilliance {unknown}
 e - a potion of ambrosia {unknown}
 g - 2 potions of curing
 h - 2 potions of flight {unknown}
 k - 2 potions of attraction {unknown}
 p - a potion of lignification {unknown}
 r - 2 potions of mutation {unknown}
 t - a potion of might
 v - a potion of heal wounds {unknown}


   Skills:
 + Level 8.4 Dodging
 + Level 9.0 Stealth
 + Level 5.8 Spellcasting
 + Level 7.3 Summonings


You had 5 spell levels left.
You knew the following spells:

 Your Spells              Type           Power      Damage    Failure   Level
a - Summon Small Mammal   Summ           100%       N/A       1%          1
b - Call Imp              Summ           33%        N/A       1%          2
c - Call Canine Familiar  Summ           33%        N/A       1%          3
d - Summon Guardian Gole  Hex/Summ       19%        N/A       8%          3
e - Summon Lightning Spi  Summ/Air       19%        N/A       26%         4

Your spell library contained the following spells:

 Spells                   Type           Power      Damage    Failure   Level
 Freezing Cloud           Conj/Ice/Air   2%         6-21      97%         5
 Simulacrum               Ice/Necr       2%         N/A       100%        6
 Polar Vortex             Ice            2%         N/A       100%        9


Dungeon Overview and Level Annotations

Branches:
Dungeon (7/15)             Temple (1/1) D:7

Altars:
Fedhas
Hepliaklqana
Kikubaaqudgha

Shops:
D:6 *   D:7 !(

Annotations:
D:4 1 runed translucent door, comborobin's ghost, amateur DjWr
D:6 3 runed translucent doors, croobank's ghost, novice OpFE


Innate Abilities, Weirdness & Mutations

You have sharp claws.
You have razor-sharp teeth.
You have supernaturally acute eyesight. (SInv)
You cover ground quickly. (Speed+)
You are covered in thick fur. (AC +2)
Your paws help you pounce on unaware monsters.
You are incapable of wielding weapons or throwing items.
You cannot wear armour.
You gain extra lives every three experience levels.


Message History

A steam dragon comes into view.
The wraith hits you! The wraith drains your vigour!
You feel yourself slow down.
You hear a shout!
Casting: Summon Small Mammal (safe; 1% risk of failure)
Confirm with . or Enter, or press ? or * to list all spells.
The spell is quite dangerous to miscast (8% risk of failure)!
Continue anyway?
A guardian golem appears, shielding your allies.
You hear a shout!
Something hits your guardian golem but does no damage.
The wraith misses you. The centaur skeleton hits your rat.
Your rat dies!
Your rat's corpse disappears in a puff of smoke!
You hear two shouts!
Casting: Summon Guardian Golem (quite dangerous; 8% risk of failure)
Confirm with . or Enter, or press ? or * to list all spells.
Your crimson imp blinks!
The steam dragon bites your guardian golem but does no damage.
The steam dragon claws your guardian golem but does no damage.
Something hits your guardian golem but does no damage.
The wraith completely misses you. The centaur skeleton barely misses you.
The centaur skeleton kicks you.
The steam dragon bites your guardian golem but does no damage.
The steam dragon claws your guardian golem.
Your crimson imp hits the centaur skeleton.
The two-headed ogre hits your crimson imp with a +0 giant spiked club!!
Your crimson imp dies!
Your crimson imp disappears in a puff of smoke!
The wraith closely misses you.
Blink to where?
Press: ? - help, Dir - move target An orc wizard comes into view.
It is wielding a +2 dagger of venom.
As you read the scroll labelled CEFYEL WEUCE, it crumbles to dust.
It was a scroll of blinking.
Your hound bites the wraith.
Your quokka bites the wraith but does no damage.
The orc wizard hits your guardian golem with a +2 dagger of venom.
The steam dragon breathes steam at you. The ball of steam hits you!!
Ouch! That really hurt!
You die...

##.........##
#..##
##...#.....#
#.##.
##..##....#
#.##.
#..###...#
#.5## #..#
##..## #)..#
#.# ##..#
#.... #.####
##.## ##...
##....# ##.##
#... #.@##.##
##.###.#.
#$.§D.....
##.#..##
#.r9##.##.
#...###


#hW#o ##..## #Z#5## ##..# #.##O# #..###.## #§O.#.. #......# #.#..##. #.#..##..
#§##..... ..... ##. You could see a wraith (ally target), a steam dragon
(catching breath), an orc wizard (ally target), a white imp (ally target), a
centaur skeleton, a friendly guardian golem (summoned), a friendly hound
(summoned, sheltered) and a friendly quokka (summoned, sheltered).

Vanquished Creatures
  A sky beast (D:7)
  A bullfrog (D:7)
  A water moccasin skeleton (D:6)
  A hound (D:6)
  A killer bee zombie (D:7)
  A gnoll (D:6)
  2 orcs (D:7)
  A ball python (D:3)
  An endoplasm (D:1)
  A giant cockroach (D:3)
  6 goblins
  A hobgoblin (D:3)
  A kobold (D:3)
  A frilled lizard (D:3)
  2 rats
22 creatures vanquished.

Vanquished Creatures (collateral kills)
  A vampire mosquito (D:7)
  A water moccasin (D:6)
  A sky beast (D:7)
  A necrophage (D:7)
  A kobold brigand (D:6)
  A bullfrog (D:6)
  2 water moccasin skeletons
  A wight (D:7)
  3 hounds (D:7)
  2 bullfrog skeletons
  A centaur skeleton (D:4)
  Natasha (twice) (D:3)
  Robin (D:3)
  2 adders
  13 gnolls
  An ufetubus (D:6)
  An adder skeleton (D:3)
  2 worms (D:2)
  A dart slug (D:3)
  4 orcs
  5 bats
  5 endoplasms
  3 giant cockroaches
  9 goblins
  3 hobgoblins
  2 quokkas
  6 ball pythons
  A frilled lizard (D:2)
  6 kobolds
  2 rats
84 creatures vanquished.

Vanquished Creatures (others)
  2 vampire mosquitoes (D:7)
  An ogre (D:6)
  2 gnoll sergeants (D:7)
  6 wights
  2 hounds (D:7)
  A gnoll shaman (D:7)
  2 gnolls (D:7)
16 creatures vanquished.

Grand Total: 122 creatures vanquished

Notes
Turn   | Place    | Note
-------+----------+-------------------------------------------
     0 | D:1      | croobank the Felid Summoner began the quest for the Orb.
     0 | D:1      | Reached XP level 1. HP: 7/7 MP: 4/4
   519 | D:1      | Reached skill level 3 in Stealth
   554 | D:1      | Reached XP level 2. HP: 9/11 MP: 4/6
   558 | D:1      | Learned a level 2 spell: Call Imp
  1310 | D:2      | Reached XP level 3. HP: 14/14 MP: 3/7
  1502 | D:2      | Learned a level 3 spell: Call Canine Familiar
  1660 | D:2      | Found an ancient bone altar of Kikubaaqudgha.
  2424 | D:3      | Reached XP level 4. HP: 11/18 MP: 4/8
  2590 | D:3      | Noticed Natasha
  2610 | D:3      | Killed Natasha
  2611 | D:3      | Reached skill level 4 in Stealth
  2699 | D:3      | Noticed Robin
  2724 | D:3      | Killed Robin
  3493 | D:3      | Noticed Natasha
  3499 | D:3      | Slain by Natasha
  3500 | D:3      | Reached XP level 3. HP: -5/14 MP: 8/8
  3533 | D:3      | Killed Natasha
  3534 | D:3      | Reached XP level 4. HP: 18/18 MP: 5/9
  3682 | D:4      | Learned a level 3 spell: Summon Guardian Golem
  3979 | D:4      | Reached XP level 5. HP: 21/21 MP: 4/10
  4069 | D:4      | Noticed comborobin's ghost (amateur DjWr)
  4070 | D:4      | Found a runed translucent door.
  4148 | D:4      | You fall into a shaft and drop 2 floors!
  4180 | D:6      | Noticed a water moccasin
  4206 | D:6      | Killed a water moccasin
  4207 | D:6      | Reached skill level 5 in Dodging
  4207 | D:6      | Reached skill level 5 in Stealth
  4207 | D:6      | Reached skill level 5 in Summonings
  4207 | D:6      | Gained mutation: You are covered in thick fur. (AC +2)
                  | [Felid growth]
  4207 | D:6      | Reached XP level 6. HP: 14/24 MP: 2/12
  4804 | D:6      | Found a runed translucent gate.
  4804 | D:6      | Found a runed translucent gate.
  4804 | D:6      | Found a runed translucent gate.
  4824 | D:6      | Reached skill level 6 in Stealth
  4824 | D:6      | Reached XP level 7. HP: 22/27 MP: 4/14
  5305 | D:6      | Noticed croobank's ghost (novice OpFE)
  5652 | D:6      | Found Duudghipoy's Assorted Antiques.
  5660 | D:6      | Bought a knobbly ivory ring for 160 gold pieces
  5678 | D:6      | Reached skill level 7 in Stealth
  5961 | D:7      | Found a staircase to the Ecumenical Temple.
  5984 | Temple   | Entered the Ecumenical Temple
  6021 | Temple   | Became a worshipper of Hepliaklqana the Forgotten
  6080 | D:7      | Found Seajyrat's Antique Weapon Shoppe.
  6116 | D:7      | Reached XP level 8. HP: 31/31 MP: 14/16
  6155 | D:7      | Learned a level 4 spell: Summon Lightning Spire
  6566 | D:7      | Reached skill level 5 in Spellcasting
  6571 | D:7      | Reached skill level 8 in Stealth
  6633 | D:7      | Mangled by a gnoll sergeant
  6634 | D:7      | Reached XP level 7. HP: -7/27 MP: 14/16
  6755 | D:7      | Reached XP level 8. HP: 23/31 MP: 17/17
  7314 | D:7      | Reached skill level 9 in Stealth
  7897 | D:7      | Found Omeg Putioro's Distillery.
  7901 | D:7      | Bought a potion of might for 48 gold pieces
  8113 | D:7      | Noticed a two-headed ogre
  8117 | D:7      | Killed from afar by a steam dragon

Illustrated notes

Levels and vault maps discovered:
D:1:      dpeg_arrival_pond, layout_rooms
D:2:      layout_loops_ring, basic_altar, minmay_domino_2
D:3:      layout_loops_ring, uniq_natasha, uniq_robin
D:4:      layout_basic, gammafunk_ghost_grave
D:6:      layout_loops_corners, gammafunk_ghost_icy, serial_shops, shop
D:7:      layout_cave_pods, minmay_temple_entry_ruins, serial_gnoll_camp,
          gnoll_camp_huts_basic, gnoll_camp_mini_shop, gnoll_camp_mini_shop,
          gnoll_camp_mini_hut, minmay_manual_mess
Temple:   nicolae_temple_figure_zero

Skill      XL: |  1  2  3  4  5  6  7  8 |
---------------+-------------------------+-----
Stealth        | 3 4 5 6 7 9 |  9.0
Dodging        | 3 4 5 8 7 |  8.4
Spellcasting   | 3 4 5 |  5.8
Summonings     | 5 7 |  7.3

Action                   |  1- 3 |  4- 6 |  7- 9 || total
-------------------------+-------+-------+-------++-------
Melee: Unarmed           |    44 |    28 |    25 ||    97
       Bite              |     6 |     2 |     3 ||    11
 Cast: Summon Small Mamm |    48 |    36 |    69 ||   153
       Call Imp          |    17 |    17 |    23 ||    57
       Call Canine Famil |     4 |     8 |    25 ||    37
       Summon Guardian G |       |     3 |    18 ||    21
       Summon Lightning  |       |       |     1 ||     1
  Use: Scroll            |       |     3 |     1 ||     4
       Potion            |       |     2 |     2 ||     4
 Stab: Sleeping          |     2 |     1 |     2 ||     5
       Distracted        |     1 |     3 |     2 ||     6
Armor: Skin              |     2 |     2 |     2 ||     6
Dodge: Dodged            |    47 |    35 |    52 ||   134
